[Event "Titled Tuesday Blitz February 22 Early 2022"]
[White "Yang, Kaiqi"]
[Black "Srebrnic, Marko"]
[WhiteFideId "8604398"]
[BlackFideId "14603616"]
[WhiteElo "2373"]
[BlackElo "2340"]
[Result "1-0"]
[Round "04"]
[TimeControl "180+1"]
[Date "2022.02.22"]
[WhiteClock "0:00:27"]
[BlackClock "0:00:15"]

1. c4 g6 2. g3 Bg7 3. Bg2 f5 4. Nc3 Nf6 5. d4 O-O 6. Nh3 d6 7. O-O Qe8 8. d5 e5 9. dxe6 c6 10. Qxd6 Bxe6 11. Qb4 b6 12. Ng5 Kh8 13. Nxe6 Qxe6 14. Bf4 Nh5 15. Bd6 Re8 16. Rad1 f4 17. c5 Na6 18. Qa4 Nxc5 19. Bxc5 bxc5 20. Qxc6 Rab8 21. Rd6 Qc8 22. Nd5 Qxc6 23. Rxc6 Rxb2 24. g4 Rbxe2 25. gxh5 Rxa2 26. hxg6 hxg6 27. Nxf4 g5 28. Ne6 Bf6 29. Nxc5 Bd4 30. Ne4 g4 31. Rc4 Bb6 32. Nf6 Ree2 33. Nxg4 Kg7 34. h4 Rab2 35. h5 a5 36. h6+ Kh7 37. Be4+ Rxe4 38. Rxe4 Kg6 39. Re6+ Kf7 40. Rf6+ Kg8 41. Re1 1-0


[Site "https://www.chess.com"]

[Event "Titled Tuesday Blitz February 22 Early 2022"]
[White "Yeletsky, Ivan"]
[Black "Omelja, Artem"]
[WhiteFideId "24180327"]
[BlackFideId "14119846"]
[WhiteElo "2791"]
[BlackElo "2539"]
[Result "1-0"]
[Round "04"]
[TimeControl "180+1"]
[Date "2022.02.22"]
[WhiteClock "0:00:02"]
[BlackClock "0:00:01"]

1. e4 c5 2. Nf3 e6 3. d4 cxd4 4. Nxd4 a6 5. c4 Nf6 6. Nc3 Bb4 7. Qd3 O-O 8. e5 Ne8 9. Be2 d6 10. exd6 Nxd6 11. Nc2 Bc5 12. Be3 Bxe3 13. Nxe3 Qc7 14. O-O-O Ne8 15. Bf3 Nd7 16. Qd4 Ne5 17. Be2 b6 18. f4 Nc6 19. Qd2 Nf6 20. Rhf1 Rd8 21. Qc2 Nd4 22. Qb1 Bb7 23. Bd3 b5 24. g4 bxc4 25. Bxc4 Nxg4 26. Nxg4 Qxc4 27. Rf2 Bf3 28. Ne5 Ne2+ 29. Rxe2 Qxf4+ 30. Red2 Bxd1 31. Nd3 Rxd3 32. Qxd3 Bh5 33. b3 h6 34. Kb2 Rc8 35. Qd6 Qe3 36. Qd4 Qf3 37. Na4 Bg6 38. Qd6 a5 39. Qd4 Qc6 40. Ka3 Qc1+ 41. Qb2 Qc6 42. Qd4 Qb5 43. Qd6 Rb8 44. Qd7 Qb4+ 45. Kb2 Kh7 46. Qd6 Qb5 47. Qd4 Rb7 48. Nc3 Qf5 49. h4 Qh5 50. Ka3 Rb4 51. Qd6 Rxh4 52. Qc7 Qf5 53. Qd8 Qf6 54. Qb8 Qe7+ 55. Kb2 Qb4 56. Qc8 1-0


[Site "https://www.chess.com"]

[Event "Titled Tuesday Blitz February 22 Early 2022"]
[White "Zavgorodniy, Sergiy"]
[Black "Tsatsalashvili, Keti"]
[WhiteFideId "14110148"]
[BlackFideId "13603434"]
[WhiteElo "2420"]
[BlackElo "2246"]
[Result "1-0"]
[Round "04"]
[TimeControl "180+1"]
[Date "2022.02.22"]
[WhiteClock "0:00:42"]
[BlackClock "0:00:02"]

1. e4 c5 2. Nf3 d6 3. c3 Nf6 4. Bc4 e6 5. Qe2 Be7 6. O-O O-O 7. Bb3 Nc6 8. d4 d5 9. e5 Ne4 10. Nbd2 Nxd2 11. Bxd2 cxd4 12. cxd4 b6 13. Rfd1 a5 14. Rac1 Ba6 15. Qe3 Rc8 16. Bc2 Qd7 17. a3 Na7 18. h4 Rc7 19. Bb1 Rfc8 20. Rxc7 Rxc7 21. h5 h6 22. g4 Qd8 23. Kh2 Bc4 24. Rg1 Bg5 25. Nxg5 Qxg5 26. Qxg5 hxg5 27. Bxg5 Be2 28. Kg3 Nb5 29. Be3 a4 30. Re1 Bc4 31. Rc1 Na7 32. f4 b5 33. f5 Nc6 34. g5 exf5 35. Bxf5 Nd8 36. g6 Ne6 37. Rc2 Nf8 38. Rf2 Bb3 39. gxf7+ Rxf7 40. e6 Rc7 41. Bg5 1-0


[Site "https://www.chess.com"]

[Event "Titled Tuesday Blitz February 22 Early 2022"]
[White "Zavivaeva, Emilia"]
[Black "Devaev, Alexander"]
[WhiteFideId "34127531"]
[BlackFideId "4169395"]
[WhiteElo "1685"]
[BlackElo "2185"]
[Result "0-1"]
[Round "04"]
[TimeControl "180+1"]
[Date "2022.02.22"]
[WhiteClock "0:00:01"]
[BlackClock "0:00:05"]

1. e4 c6 2. d4 d5 3. exd5 cxd5 4. c3 Nc6 5. Bd3 g6 6. Bf4 Nh6 7. Nf3 Bg7 8. Nbd2 O-O 9. O-O Bg4 10. h3 Bf5 11. Qe2 Bxd3 12. Qxd3 Nf5 13. Rae1 Rc8 14. Ne5 Re8 15. Qb5 Nxe5 16. Bxe5 f6 17. Bf4 b6 18. Re2 e6 19. Rfe1 Kf7 20. Qa6 Qd7 21. a4 h5 22. a5 Rc6 23. Qb5 Nd6 24. Qa4 b5 25. Qc2 b4 26. Nb3 bxc3 27. Nc5 Rxc5 28. dxc5 Ne4 29. b4 e5 30. f3 exf4 31. fxe4 d4 32. Rd1 a6 33. Qxc3 Qb5 34. Qd2 f5 35. Rde1 d3 36. Rf2 Bd4 37. Qxf4 Bxf2+ 38. Kxf2 Qxb4 39. Qc7+ Re7 40. Qd6 Rxe4 41. Qd5+ Kf6 42. Qd6+ Kg7 43. Rxe4 Qxe4 44. c6 Qe2+ 45. Kg3 d2 46. c7 d1=Q 47. Qxd1 Qxd1 48. c8=Q Qd3+ 49. Kh2 h4 50. Qc7+ Kf6 51. Qc6+ Kg5 52. Qc5 Qe4 0-1


[Site "https://www.chess.com"]

[Event "Titled Tuesday Blitz February 22 Early 2022"]
[White "Zemerov, Vladimir"]
[Black "Obolentseva, Alexandra"]
[WhiteFideId "4111583"]
[BlackFideId "24153648"]
[WhiteElo "2277"]
[BlackElo "2113"]
[Result "0-1"]
[Round "04"]
[TimeControl "180+1"]
[Date "2022.02.22"]
[WhiteClock "0:00:43"]
[BlackClock "0:00:27"]

1. d4 Nf6 2. c4 g6 3. Nc3 Bg7 4. e4 O-O 5. h3 d6 6. Bg5 h6 7. Be3 c5 8. d5 a6 9. Nf3 b5 10. cxb5 axb5 11. Bxb5 Qa5 12. Bd3 Na6 13. O-O Nb4 14. Bb1 Ba6 15. Re1 Rfb8 16. a3 Bc4 17. e5 Nfxd5 18. axb4 Qxa1 19. Nxd5 Qxb2 20. Nxe7+ Kh8 21. exd6 cxb4 22. Bd4 Bxd4 23. Nxd4 Rd8 24. Ndc6 Rd7 25. Qg4 Rxd6 26. Qxc4 Qc3 27. Qe2 Ra1 28. Qe5+ Qxe5 29. Nxe5 Kg7 30. N7c6 Re6 31. Nd4 Re7 32. Nb3 Rxe5 33. Rd1 Ra3 34. Nd4 Rd5 35. Be4 Rd6 36. Bb1 Kf6 37. f4 b3 38. Kf2 b2 39. Ke2 Ra1 40. Ke3 Ke7 41. Ke4 f5+ 42. Ke3 Ra3+ 43. Ke2 Ra1 44. Ke3 Ra3+ 45. Kf2 Ra1 46. g4 Kf6 47. Ke3 Rd8 48. gxf5 gxf5 49. Kd3 Ra4 50. Kc3 Rc8+ 51. Kxb2 Rb4+ 52. Nb3 Rxf4 53. Rd3 Rf2+ 54. Bc2 Rcxc2+ 55. Ka3 Rc8 56. Rd6+ Kg5 57. Rd7 Rc3 58. Rb7 Rff3 59. Rg7+ Kh4 60. Rb7 Rxb3+ 61. Rxb3 Rxb3+ 62. Kxb3 Kg3 63. Kc3 f4 64. Kd3 f3 65. Kd2 Kg2 66. Ke3 f2 67. Ke4 f1=Q 68. Kd5 Qf3+ 69. Kd4 Kxh3 70. Ke5 Kg2 71. Kd4 h5 72. Ke5 h4 73. Kd4 h3 74. Ke5 h2 75. Kd4 h1=Q 76. Ke5 Qhf1 77. Kd4 Q1e2 78. Kc5 Qf5+ 79. Kd6 Qee6+ 80. Kc7 Qff7+ 81. Kb8 Qee8# 0-1


[Site "https://www.chess.com"]

[Event "Titled Tuesday Blitz February 22 Early 2022"]
[White "Zheenbekov, Nurgazy"]
[Black "Borisova, Ekaterina"]
[WhiteFideId "13800485"]
[BlackFideId "34124184"]
[WhiteElo "1959"]
[BlackElo "2034"]
[Result "0-1"]
[Round "04"]
[TimeControl "180+1"]
[Date "2022.02.22"]
[WhiteClock "0:00:14"]
[BlackClock "0:00:12"]

1. e4 c6 2. d4 d5 3. exd5 cxd5 4. Bd3 Nc6 5. c3 Nf6 6. h3 g6 7. Nf3 Bf5 8. O-O Bxd3 9. Qxd3 Bg7 10. Re1 O-O 11. Bf4 Ne4 12. Nbd2 Nxd2 13. Qxd2 e6 14. h4 Rc8 15. h5 Na5 16. h6 Bh8 17. Qe2 Nc4 18. Ne5 Qh4 19. g3 Qh3 20. Nd7 Rfd8 21. Nc5 b6 22. Nd3 Re8 23. b3 Na5 24. Rac1 Nc6 25. b4 Ne7 26. Ne5 Nf5 27. Qd2 Bxe5 28. dxe5 Rc4 29. a4 Rec8 30. Bg5 Rg4 31. Bf4 Rc4 32. f3 Rcxf4 33. fxg4 Rxg4 34. Kf2 Rxg3 35. Rg1 Qh2+ 0-1


[Site "https://www.chess.com"]

[Event "Titled Tuesday Blitz February 22 Early 2022"]
[White "Zhu, Jiner"]
[Black "Pajeken, Jakob Leon"]
[WhiteFideId "8608059"]
[BlackFideId "12942839"]
[WhiteElo "2733"]
[BlackElo "2518"]
[Result "1-0"]
[Round "04"]
[TimeControl "180+1"]
[Date "2022.02.22"]
[WhiteClock "0:00:15"]
[BlackClock "0:00:01"]

1. e4 e5 2. Nf3 Nc6 3. Bb5 a6 4. Ba4 Nf6 5. O-O Be7 6. Re1 b5 7. Bb3 d6 8. c3 O-O 9. h3 Na5 10. Bc2 c5 11. d4 Qc7 12. Nbd2 cxd4 13. cxd4 Rd8 14. Nb3 Nc4 15. d5 a5 16. Nbd2 Bd7 17. Bd3 Nxd2 18. Bxd2 b4 19. a3 bxa3 20. bxa3 Rdc8 21. Qe2 Bd8 22. Be3 a4 23. Nd2 Qc3 24. f3 Nh5 25. Nc4 Nf4 26. Bxf4 exf4 27. Kh1 Qf6 28. Rab1 Rab8 29. Rxb8 Rxb8 30. e5 Qh6 31. e6 fxe6 32. dxe6 Be8 33. Nxd6 Ba5 34. Rb1 Rxb1+ 35. Bxb1 Qh5 36. Nxe8 Qxe8 37. Bd3 Qe7 38. Qe4 g6 39. Qa8+ Bd8 40. Qxa4 Bb6 41. Qb3 Be3 42. Bc4 Kg7 43. Qc3+ Kh6 44. Qd3 Qb7 45. a4 Qa7 46. Bb5 Qc5 47. Qc4 Qe5 48. Kh2 Qg5 49. Qe2 Qg3+ 50. Kh1 Qg5 51. Bc4 Qe5 52. Bb3 Qa1+ 53. Qd1 Qe5 54. Qe1 Qf6 55. a5 Qe5 56. a6 Qg5 57. Bc4 Qe7 58. Qa1 g5 59. Bb3 Ba7 60. Qe5 Kh5 61. Qe4 1-0


[Site "https://www.chess.com"]

[Event "Titled Tuesday Blitz February 22 Early 2022"]
[White "Zierk, Steven"]
[Black "Sarana, Alexey"]
[WhiteFideId "2034255"]
[BlackFideId "24133795"]
[WhiteElo "2494"]
[BlackElo "2665"]
[Result "1-0"]
[Round "04"]
[TimeControl "180+1"]
[Date "2022.02.22"]
[WhiteClock "0:00:19"]
[BlackClock "0:00:10"]

1. b3 Nf6 2. Bb2 d5 3. Nf3 Bf5 4. d3 h6 5. Nbd2 e6 6. g3 Nbd7 7. Bg2 Bh7 8. O-O Be7 9. e4 O-O 10. Qe2 c5 11. Rfe1 a5 12. a4 Qc7 13. exd5 Nxd5 14. Nc4 Bf6 15. Nfe5 Nxe5 16. Bxe5 Qd8 17. Bxf6 Qxf6 18. Qe5 Rfd8 19. Qxf6 gxf6 20. Bxd5 exd5 21. Ne3 Rd7 22. Re2 Bg6 23. Ng2 Bh5 24. Re3 d4 25. Re4 Bf3 26. Rf4 Bxg2 27. Kxg2 Ra6 28. Re1 Kg7 29. Re8 Re6 30. Rg4+ Kh7 31. Reg8 h5 32. R4g7+ Kh6 33. g4 hxg4 34. Rxg4 Kh7 35. R4g7+ Kh6 36. Rg3 Kh7 37. R8g4 f5 38. Rg5 Rd5 39. Rg7+ Kh6 40. Rxf7 b6 41. Rf8 Rg6 42. Rh8+ Kg7 43. Rg8+ Kxg8 44. Rxg6+ Kf7 45. Rxb6 Re5 46. Rc6 Ke7 47. Kf3 Kd7 48. Kf4 Re2 49. Rxc5 Rxf2+ 50. Ke5 Rxh2 51. Kxd4 Rh4+ 52. Ke5 f4 53. Ke4 Kd6 54. Rd5+ Kc6 55. Rxa5 Rh2 56. c4 Rb2 57. Rb5 Rf2 58. d4 f3 59. a5 Rf1 60. Ke3 f2 61. Ke2 Rd1 62. Kxf2 Rxd4 63. Ke3 Rh4 64. Kd3 Rh3+ 65. Kd4 Rg3 66. b4 Rg4+ 67. Kd3 Rg3+ 68. Kc2 Ra3 69. Rb6+ Kc7 70. Kb2 Rd3 71. c5 Re3 72. a6 Rf3 73. a7 Rf8 74. Rb8 1-0


[Site "https://www.chess.com"]

[Event "Titled Tuesday Blitz February 22 Early 2022"]
[White "wisdomboy"]
[Black "Von Buelow, Georg"]
[BlackFideId "4620658"]
[WhiteElo "2443"]
[BlackElo "2188"]
[Result "1-0"]
[Round "04"]
[TimeControl "180+1"]
[Date "2022.02.22"]
[WhiteClock "0:00:33"]
[BlackClock "0:00:20"]

1. d4 d5 2. c4 dxc4 3. e4 Nc6 4. Be3 e5 5. d5 Nce7 6. Bxc4 Ng6 7. Nc3 Nf6 8. Nge2 a6 9. a4 Bd6 10. O-O O-O 11. g3 Bh3 12. Re1 Bg4 13. Qd2 Bf3 14. Bd3 Qd7 15. Nc1 Qg4 16. Bg5 Nh5 17. Be2 f6 18. Be3 f5 19. Bxf3 Qxf3 20. exf5 Qxf5 21. Qd3 Qg4 22. Qe4 Nhf4 23. Nd3 Nh3+ 24. Kg2 Ngf4+ 25. Nxf4 exf4 26. Bd4 fxg3 27. Qxg4 Rxf2+ 28. Bxf2 Nxf2 29. Qe6+ 1-0


[Site "https://www.chess.com"]

[Event "Titled Tuesday Blitz February 22 Early 2022"]
[White "Aldokhin, Ivan"]
[Black "Vakhlamov, Igor L."]
[WhiteFideId "24115720"]
[BlackFideId "24126748"]
[WhiteElo "2231"]
[BlackElo "2401"]
[Result "1-0"]
[Round "05"]
[TimeControl "180+1"]
[Date "2022.02.22"]
[WhiteClock "0:00:13"]
[BlackClock "0:00:09"]

1. e4 c5 2. Nf3 Nc6 3. d4 cxd4 4. Nxd4 g6 5. Nc3 Bg7 6. Be3 Nf6 7. Bc4 O-O 8. Bb3 a5 9. f3 d5 10. Bxd5 Nxd5 11. Nxd5 e6 12. Nxc6 bxc6 13. Nb6 Rb8 14. Qxd8 Rxd8 15. Rd1 Rxd1+ 16. Kxd1 Bxb2 17. Nxc8 Rxc8 18. Ke2 a4 19. Kd3 f5 20. Kc4 Kf7 21. Rb1 a3 22. Rd1 Rc7 23. Rd3 fxe4 24. fxe4 Kf6 25. Bb6 Rb7 26. Kc5 Ke5 27. Kxc6 Rf7 28. Rf3 Rg7 29. c4 Kxe4 30. Re3+ Kf5 31. Kd6 e5 32. c5 e4 33. c6 Bc1 34. c7 Rg8 35. Rc3 Bf4+ 36. Kd7 Bxc7 37. Bxc7 Rg7+ 38. Kd6 Rg8 39. Rxa3 Re8 40. Re3 Re6+ 41. Kd5 Re7 42. Bb6 Re6 43. Bc5 Ra6 44. a3 Ra4 45. Bb4 Ra8 46. h3 h5 47. g3 g5 48. Kc4 Rc8+ 49. Bc5 h4 50. gxh4 gxh4 51. a4 Kf4 52. Ra3 Ra8 53. a5 Ra6 54. Kb5 Rg6 55. a6 Rg3 56. Bd6+ Kf5 57. Bxg3 hxg3 58. Rxg3 e3 59. Rxe3 Kf4 60. Re8 Kf5 61. a7 Kg5 62. a8=Q Kh4 63. Qe4+ Kg3 64. Rg8+ Kf2 65. Rg2+ Kf1 66. Qe2# 1-0


[Site "https://www.chess.com"]

[Event "Titled Tuesday Blitz February 22 Early 2022"]
[White "Andreikin, Dmitry"]
[Black "Gaehwiler, Gabriel"]
[WhiteFideId "4158814"]
[BlackFideId "1314530"]
[WhiteElo "2736"]
[BlackElo "2383"]
[Result "1-0"]
[Round "05"]
[TimeControl "180+1"]
[Date "2022.02.22"]
[WhiteClock "0:00:10"]
[BlackClock "0:00:02"]

1. d4 Nf6 2. c4 g6 3. Nc3 Bg7 4. e4 O-O 5. Be3 d6 6. h3 e5 7. d5 Na6 8. Nf3 Nc5 9. Nd2 a5 10. g4 c6 11. g5 Nh5 12. h4 Nf4 13. Nb3 Nxb3 14. axb3 c5 15. h5 Qxg5 16. Qf3 Qg4 17. Be2 Qxf3 18. Bxf3 Bd7 19. Kd2 b6 20. Rag1 Rfe8 21. h6 Bf6 22. Bg4 Bxg4 23. Rxg4 Kf8 24. Nb5 Red8 25. Rxf4 exf4 26. Bxf4 Be5 27. Bg5 f6 28. f4 Bxb2 29. Bh4 Kf7 30. Kc2 Bd4 31. Nxd4 cxd4 32. Ra1 b5 33. Kd3 bxc4+ 34. bxc4 a4 35. e5 a3 36. Bxf6 Rdb8 37. Bg5 a2 38. e6+ Ke8 39. c5 Rb1 40. cxd6 Rxa1 41. d7+ Kf8 42. d8=Q+ Rxd8 43. e7+ Kf7 44. exd8=Q Rd1+ 45. Kc4 Rc1+ 46. Kb5 Rb1+ 47. Kc6 Rc1+ 48. Kd6 1-0


[Site "https://www.chess.com"]

[Event "Titled Tuesday Blitz February 22 Early 2022"]
[White "Arabidze, Meri"]
[Black "Grandelius, Nils"]
[WhiteFideId "13604040"]
[BlackFideId "1710400"]
[WhiteElo "2329"]
[BlackElo "2617"]
[Result "0-1"]
[Round "05"]
[TimeControl "180+1"]
[Date "2022.02.22"]
[WhiteClock "0:00:17"]
[BlackClock "0:00:31"]

1. d4 d5 2. Nf3 e6 3. c4 a6 4. cxd5 exd5 5. Nc3 h6 6. Bf4 Nf6 7. e3 Bd6 8. Bd3 Bxf4 9. exf4 Bg4 10. h3 Bxf3 11. Qxf3 O-O 12. O-O-O Nc6 13. Bf5 Re8 14. g4 Ne4 15. Bxe4 dxe4 16. Nxe4 Nxd4 17. Qd3 c5 18. Nxc5 Ne2+ 19. Kb1 Qb6 20. Rhe1 Nxf4 21. Rxe8+ Rxe8 22. Qf5 Nxh3 23. Rd7 Ng5 24. Rxb7 Qc6 25. f4 g6 26. Qd7 Re1+ 27. Kc2 Qxc5+ 28. Kd2 Qc1+ 0-1


[Site "https://www.chess.com"]

[Event "Titled Tuesday Blitz February 22 Early 2022"]
[White "Aradhya, Garg"]
[Black "Sjugirov, Sanan"]
[WhiteFideId "25006746"]
[BlackFideId "4189302"]
[WhiteElo "2169"]
[BlackElo "2602"]
[Result "1-0"]
[Round "05"]
[TimeControl "180+1"]
[Date "2022.02.22"]
[WhiteClock "0:00:07"]
[BlackClock "0:00:06"]

1. d4 Nf6 2. c4 e6 3. Nf3 Bb4+ 4. Nbd2 b6 5. a3 Bxd2+ 6. Qxd2 Bb7 7. e3 O-O 8. Bd3 d5 9. O-O Nbd7 10. Qe2 dxc4 11. Bxc4 c5 12. Rd1 Qe7 13. b4 cxd4 14. Nxd4 Ne5 15. Bb3 Ne4 16. Bb2 Ng6 17. Rac1 Rac8 18. Rxc8 Rxc8 19. Rc1 Rxc1+ 20. Bxc1 Nd6 21. Qc2 Nh4 22. f3 e5 23. Nc6 Bxc6 24. Qxc6 h6 25. Qd5 Kh7 26. Bb2 Ng6 27. Bc2 f5 28. g4 Qf6 29. gxf5 Nxf5 30. Qe4 Qg5+ 31. Kf2 Nfe7 32. Qxe5 Qh4+ 33. Qg3 Qc4 34. Bxg6+ Nxg6 35. Kg2 Qe2+ 36. Qf2 Qd3 37. e4 Nf4+ 38. Kg3 Ne2+ 39. Kg2 Nf4+ 40. Kg3 Ne2+ 41. Kg2 a6 42. Be5 b5 43. Bg3 Nd4 44. e5 Nf5 45. e6 Qd5 46. Qe2 Ne7 47. Qe4+ Qxe4 48. fxe4 Kg6 49. Bh4 Nc6 50. Kg3 Nd4 51. e7 Kf7 52. Kg4 g5 53. Bf2 Nc2 54. Kh5 Kxe7 55. Kxh6 Kf6 56. Kh5 Nxa3 57. Bd4+ Kf7 58. Kxg5 Nc4 59. h4 a5 60. bxa5 Nxa5 61. h5 Nc6 62. Bb2 Nd8 63. h6 Ne6+ 64. Kf5 Nf8 65. Bg7 Nh7 66. e5 b4 67. e6+ Ke7 68. Kg6 1-0


[Site "https://www.chess.com"]

[Event "Titled Tuesday Blitz February 22 Early 2022"]
[White "Barbashin, Igor"]
[Black "Tillis., Bryan"]
[WhiteFideId "4155718"]
[BlackFideId "2059053"]
[WhiteElo "2138"]
[BlackElo "2349"]
[Result "1-0"]
[Round "05"]
[TimeControl "180+1"]
[Date "2022.02.22"]
[WhiteClock "0:00:32"]
[BlackClock "0:00:01"]

1. d4 d5 2. c4 e6 3. Nc3 a6 4. Nf3 Nf6 5. g3 dxc4 6. a4 Nc6 7. Bg2 Bb4 8. O-O O-O 9. Bg5 h6 10. Bxf6 Qxf6 11. e4 Qd8 12. d5 Bxc3 13. bxc3 exd5 14. exd5 Na5 15. Nd4 Qd6 16. Qf3 Bd7 17. Rfe1 Rfe8 18. Nf5 Qf6 19. Nd4 Qxf3 20. Bxf3 Kf8 21. Red1 Rad8 22. Rd2 Nb3 23. Nxb3 cxb3 24. Rb2 b5 25. axb5 Bxb5 26. Rxb3 Rd7 27. Rb4 Bd3 28. Rd4 Bf5 29. c4 Red8 30. Kg2 c6 31. Rxa6 cxd5 32. cxd5 1-0


[Site "https://www.chess.com"]

[Event "Titled Tuesday Blitz February 22 Early 2022"]
[White "Baskin, Robert"]
[Black "Langner, Ladislav"]
[WhiteFideId "24662402"]
[BlackFideId "300403"]
[WhiteElo "2488"]
[BlackElo "2346"]
[Result "0-1"]
[Round "05"]
[TimeControl "180+1"]
[Date "2022.02.22"]
[WhiteClock "0:00:34"]
[BlackClock "0:00:45"]

1. d4 Nf6 2. c4 c5 3. d5 e5 4. Nc3 d6 5. e4 Be7 6. f3 Nbd7 7. Be3 Nf8 8. Nge2 h5 9. Qd2 Ng6 10. O-O-O h4 11. f4 Ng4 12. Bg1 exf4 13. h3 N4e5 14. Kb1 Nxc4 15. Qc1 Ne3 16. Re1 Bf6 17. Nxf4 Nxf4 18. Bxe3 Ng6 19. Bb5+ Bd7 20. Bxd7+ Qxd7 21. Rhf1 b5 22. Ne2 Be5 23. Ng1 b4 24. Nf3 O-O-O 25. Nd2 Qb5 26. Nc4 f6 27. Re2 Kc7 28. Rc2 Kb7 29. Rf3 Ka8 30. Bf2 Rhe8 31. b3 a5 32. a4 bxa3 33. Ra2 Rd7 34. Rxa3 Ra7 35. Kc2 a4 36. Qb1 Rb8 37. Nd2 Qb4 38. Rxa4 Rxa4 39. bxa4 Qxa4+ 40. Rb3 c4 41. Nxc4 Qxc4+ 0-1


[Site "https://www.chess.com"]

[Event "Titled Tuesday Blitz February 22 Early 2022"]
[White "Begunov, Konstantin"]
[Black "Manukyan, Artyom"]
[WhiteFideId "4118510"]
[BlackFideId "13305786"]
[WhiteElo "2262"]
[BlackElo "2034"]
[Result "0-1"]
[Round "05"]
[TimeControl "180+1"]
[Date "2022.02.22"]
[WhiteClock "0:00:13"]
[BlackClock "0:01:46"]

1. d4 d5 2. c4 e6 3. Nc3 Nf6 4. Bg5 c5 5. cxd5 cxd4 6. Qxd4 Be7 7. O-O-O exd5 8. Nxd5 Nxd5 9. Bxe7 Qxe7 10. Qxd5 O-O 11. Kb1 Nc6 12. Qd6 Rd8 13. Qxe7 Bf5+ 14. Kc1 Nxe7 15. Rxd8+ Rxd8 16. f3 Rc8+ 17. Kd2 Rc2+ 18. Ke1 Rxb2 19. g4 Be6 20. a4 Ra2 21. Bg2 Rxa4 22. f4 Bd5 23. Kf2 Rxf4+ 24. Kg3 Bxg2 25. Kxg2 Rxg4+ 26. Kf2 Rb4 27. Nf3 Nc6 28. Rd1 h6 29. Rd7 a5 30. Nd2 a4 0-1


[Site "https://www.chess.com"]

[Event "Titled Tuesday Blitz February 22 Early 2022"]
[White "Bernadskiy, Vitaliy"]
[Black "Kozin, Yuri"]
[WhiteFideId "14100371"]
[BlackFideId "4129920"]
[WhiteElo "2473"]
[BlackElo "2564"]
[Result "1-0"]
[Round "05"]
[TimeControl "180+1"]
[Date "2022.02.22"]
[WhiteClock "0:01:39"]
[BlackClock "0:00:18"]

1. Nc3 c5 2. d4 cxd4 3. Qxd4 a6 4. Bg5 Nc6 5. Qd2 h6 6. Bh4 g5 7. Bg3 Nf6 8. O-O-O Bg7 9. e4 d6 10. h4 g4 11. Nge2 h5 12. Kb1 Bd7 13. Nf4 Rc8 14. Bd3 Ne5 15. Rhe1 Bh6 16. Qe2 b5 17. Ncd5 Bg7 18. Nxf6+ Bxf6 19. Nd5 Bg7 20. f4 gxf3 21. gxf3 Be6 22. Qe3 Bxd5 23. exd5 Nxd3 24. Qxd3 Qc7 25. Re4 Kf8 26. Bf4 a5 27. Bg5 f6 28. Bc1 b4 29. Rde1 Re8 30. Re6 Qc5 31. Be3 Qc7 32. Bf4 Kf7 33. Qe4 a4 34. Bxd6 Qb7 35. Rxe7+ Rxe7 36. Bxe7 Qd7 37. Bxb4 a3 38. Bxa3 Rb8 39. Qe6+ Qxe6 40. dxe6+ Ke8 41. Rg1 1-0


[Site "https://www.chess.com"]

[Event "Titled Tuesday Blitz February 22 Early 2022"]
[White "Bodnar, Nikolay"]
[Black "Buscar, Michael"]
[WhiteFideId "14106469"]
[BlackFideId "2603616"]
[WhiteElo "2296"]
[BlackElo "2010"]
[Result "0-1"]
[Round "05"]
[TimeControl "180+1"]
[Date "2022.02.22"]
[WhiteClock "0:00:08"]
[BlackClock "0:01:54"]

1. e4 e5 2. Nf3 Nf6 3. d4 Nxe4 4. Nxe5 d6 5. Nf3 d5 6. c4 Nc6 7. Nc3 Bb4 8. Qb3 Qe7 9. Be3 dxc4 10. Bxc4 Na5 11. Bxf7+ Kf8 12. Qd5 Nxc3 13. bxc3 Bxc3+ 14. Kd1 Bxa1 15. Bg5 Qxf7 16. Qd8+ Qe8 17. Be7+ Kf7 18. Ne5+ Ke6 19. d5+ Kxe5 20. Qxc7+ Kf5 21. Re1 Qa4+ 22. Ke2 Qc4+ 23. Qxc4 Nxc4 0-1


[Site "https://www.chess.com"]

[Event "Titled Tuesday Blitz February 22 Early 2022"]
[White "Borisova, Ekaterina"]
[Black "Mikhalsky, Vladimir"]
[WhiteFideId "34124184"]
[BlackFideId "14144352"]
[WhiteElo "2034"]
[BlackElo "2248"]
[Result "1-0"]
[Round "05"]
[TimeControl "180+1"]
[Date "2022.02.22"]
[WhiteClock "0:00:06"]
[BlackClock "0:00:02"]

1. d4 Nf6 2. c4 g6 3. Nc3 Bg7 4. e4 d6 5. h3 O-O 6. Nf3 e5 7. d5 Nh5 8. g3 f5 9. exf5 gxf5 10. Nh4 Qe8 11. Be2 Nf6 12. Qc2 e4 13. Be3 Na6 14. a3 Nc5 15. O-O-O Nfd7 16. Ng2 Ne5 17. Nf4 Bh6 18. Kb1 a5 19. Nb5 Qf7 20. Rdg1 Kh8 21. Qc3 b6 22. Nd4 Bd7 23. Nde6 Nxe6 24. dxe6 Bxe6 25. g4 fxg4 26. Nxe6 Qxe6 27. Bxh6 Qxh6 28. hxg4 Qg7 29. Rg2 Ng6 30. Qe3 Rf4 31. Rgh2 Raf8 32. Bd1 Kg8 33. c5 bxc5 34. Bb3+ Kh8 35. Bc2 d5 36. Qxc5 Ne5 37. Qxd5 Nxg4 38. Rxh7+ Qxh7 39. Rxh7+ Kxh7 40. Bxe4+ Kh6 41. Bc2 Nxf2 42. Qc6+ R8f6 43. Qxc7 Ng4 44. Qxa5 Ne3 45. Qb5 Nxc2 46. Kxc2 Rf2+ 47. Kb1 R2f5 48. Qb4 Rf4 49. Qb3 Rf3 50. Qg8 Rg6 51. Qh8+ Kg5 52. Qe5+ Rf5 53. Qe3+ Kf6 54. Ka2 Rgg5 55. Qb6+ Ke5 56. a4 Kf4 57. b3 Re5 58. Ka3 Re4 59. Qf2+ Ke5 60. Qc5+ Kf4 61. Qc1+ Kg4 62. Qg1+ Kf5 63. Qf1+ Ke5 64. Qd3 Rgg4 65. a5 Kf4 66. Qd2+ Re3 67. a6 Rg3 68. Qd4+ Kf5 69. Qd5+ Kf6 70. a7 Re7 71. a8=Q 1-0


[Site "https://www.chess.com"]

[Event "Titled Tuesday Blitz February 22 Early 2022"]
[White "Boros, Denes"]
[Black "Liyanage, Ranindu Dilshan"]
[WhiteFideId "722340"]
[BlackFideId "9915834"]
[WhiteElo "2464"]
[BlackElo "1858"]
[Result "0-1"]
[Round "05"]
[TimeControl "180+1"]
[Date "2022.02.22"]
[WhiteClock "0:00:10"]
[BlackClock "0:00:13"]

1. e4 e6 2. Nf3 d5 3. Nc3 Nf6 4. Qe2 Nc6 5. g3 Be7 6. Bg2 O-O 7. O-O d4 8. Nd1 e5 9. d3 h6 10. Nh4 Bg4 11. f3 Be6 12. Nf2 Ne8 13. Nf5 Nd6 14. Nxe7+ Qxe7 15. f4 exf4 16. Bxf4 f5 17. Rae1 Rae8 18. exf5 Nxf5 19. Qxe6+ Qxe6 20. Rxe6 Rxe6 21. Bd5 Re8 22. Bxc7 Ne3 23. Bxe6+ Rxe6 24. Re1 Re7 25. Bd6 Rd7 26. Bf4 Nxc2 27. Re8+ Kf7 28. Re2 N2b4 29. a3 Nd5 30. Ne4 g5 31. Bd2 b6 32. Kg2 Kg6 33. h4 g4 34. h5+ Kxh5 35. Nf2 Re7 36. Re4 Rxe4 37. dxe4 Ne3+ 38. Kg1 Ne5 39. Bc1 N3c4 40. b3 Nd6 41. Kf1 Nf3 42. Ke2 Nf7 43. Nd3 Kg6 44. Bf4 h5 45. Bb8 a6 46. Bc7 b5 47. Nf4+ Kh6 48. a4 bxa4 49. bxa4 N7e5 50. Ba5 d3+ 51. Kf2 d2 52. Ke2 Nc4 53. Bc3 Nd6 54. e5 Ne4 55. Bxd2 Nfxd2 56. e6 Nf3 57. e7 Nf6 58. Nd5 Ne8 59. Nb4 Nd4+ 60. Ke3 Nf5+ 61. Kf4 Nxe7 62. Nxa6 Nd5+ 63. Ke4 Nb6 64. Nc5 Nd6+ 65. Ke5 Ndc4+ 66. Kf4 Na5 67. Ke4 Nc6 68. Kf4 Na5 69. Ke4 Nbc4 70. Kf4 Kg6 71. Ke4 Nb2 72. Kf4 Nd1 73. Ke4 Nc3+ 74. Kf4 Ne2+ 75. Ke3 Nxg3 76. Kf4 Ne2+ 77. Ke3 Nc3 78. Kf4 Nd5+ 79. Ke4 Nb6 80. Kf4 Nac4 81. Ke4 h4 82. Kf4 g3 83. Kf3 Ne5+ 84. Kg2 Kg5 85. Kh3 Kf4 86. Ne6+ Kf3 87. Ng5+ Kf2 88. Kxh4 g2 89. Nh3+ Kf1 90. Kg3 Nd3 91. Kh2 Nf2 92. Ng1 Ng4+ 93. Kg3 Kxg1 94. a5 Na8 95. Kf4 Kf1 96. a6 g1=Q 97. a7 Qxa7 98. Kg3 Qe3+ 99. Kh4 Nf2 100. Kh5 Qg3 101. Kh6 Ne4 102. Kh7 Nf6+ 103. Kh6 Nd7 104. Kh5 Kf2 0-1


[Site "https://www.chess.com"]